Description

ByuN v Serral - Gresvan

Replay - ByuN v Serral: Game 1 - [ESL] Gresvan

Build Order

Get SALT Encoding   

  12  0:00  Drone  
  13  0:12  Overlord  
  13  0:16  Drone  
  14  0:30  Drone x2  
  16  0:47  Hatchery  
  15  0:51  Drone x2  
  17  0:58  Drone  
  18  1:09  Extractor  
  17  1:12  Spawning Pool  
  17  1:16  Drone x2  
  18  1:27  Drone  
  21  1:59  Queen x2  
  21  2:00  Zergling x2  
  27  2:10  Zergling x2  
  27  2:11  Overlord  
  27  2:13  Metabolic Boost  
  28  2:27  Hatchery  
  31  2:43  Queen  
  33  2:48  Overlord  
  36  3:03  Overlord  
  39  3:13  Queen  
  43  3:23  Queen  
  47  3:37  Overlord  
  47  3:39  Queen  
  54  3:49  Queen  
  56  4:01  Queen  
  64  4:15  Baneling Nest  
  63  4:20  Zergling x2  
  63  4:23  Queen  
  68  4:28  Zergling x4  
  70  4:31  Lair  
  70  4:33  Extractor  
  71  4:40  Queen  
  71  4:44  Zergling x8  
  77  4:49  Zergling x2  
  80  4:54  Extractor  
  91  5:26  Evolution Chamber  
  93  5:30  Baneling x6  
  93  5:32  Centrifugal Hooks  
  101  5:47  Hatchery  
  103  5:52  Zerg Ground Armor Level 1  
  103  5:54  Extractor  
  112  6:24  Baneling x4  
  120  6:41  Evolution Chamber  
  117  6:59  Infestation Pit  
  118  7:04  Pneumatized Carapace  
  118  7:05  Overseer  
  118  7:06  Hydralisk Den  
  124  7:08  Zerg Melee Weapons Level 1  
  135  7:30  Overseer  
  136  7:42  Grooved Spines  
  138  7:44  Extractor  
  138  7:49  Hatchery  
  138  7:50  Zerg Ground Armor Level 2  
  161  8:33  Hydralisk x4  
  163  8:35  Hatchery  
  168  8:42  Extractor  
  168  8:46  Hydralisk x2  
  176  8:53  Muscular Augments  
  183  9:12  Hydralisk  
  183  9:13  Infestation Pit  
  190  9:17  Zerg Melee Weapons Level 2  
  190  9:18  Spore Crawler  
  191  9:51  Hydralisk x3  
  189  9:58  Hive  
Spawning Tool Build Advisor. Get it on Overwolf

Go to:

Details

  • Created by: FirU
  • Published on: Feb 27, 2023
  • Modified on: Feb 27, 2023
  • Patch: 5.0.11
  • Difficulty: Medium
Show
View Real Time Build Order
Export as new Build Order

Comments (0)

There are no comments. Be the first!

Create an account to comment!